 Dungeon Crawl Stone Soup version 0.19-a0-1025-g778f431 (webtiles) character file.

58 ololoev the Chopper (level 4, -4/37 HPs)
             Began as a Hill Orc Gladiator on July 28, 2016.
             Killed from afar by an orc wizard (8 damage)
             ... with a puff of flame
             ... on level 4 of the Dungeon.
             The game lasted 00:03:03 (423 turns).

ololoev the Chopper (Hill Orc Gladiator)             Turns: 423, Time: 00:03:04

Health: -4/37      AC: 10    Str: 18    XL:     4   Next: 1%
Magic:  4/4        EV: 11    Int:  8    God:
Gold:   51         SH:  0    Dex: 11    Spells: 0 memorised, 3 levels left

rFire  . . .     SeeInvis .     a - +0 war axe
rCold  . . .     Gourm    .     k - +0 ring mail (curse)
rNeg   . . .     Faith    .     (no shield)
rPois  .         Spirit   .     c - +0 helmet
rElec  .         Dismiss  .     (no cloak)
rCorr  .         Reflect  .     (no gloves)
SustAt .         Harm     .     (no boots)
MR     .....                    (no amulet)
Stlth  +.........               (no ring)
                                (no ring)

@: not resistant to hostile enchantments, very unstealthy
A: iridescent scales 1, blurry vision 1, no device heal 1
a: no special abilities


Innate Abilities, Weirdness & Mutations

You are partially covered in iridescent scales. (AC +4)
Scrolls take you a little longer to read.
Potions and wands are less effective at restoring your health.

Inventory:

Hand Weapons
 a - a +0 war axe (weapon)
Missiles
 d - 2 throwing nets (quivered)
Armour
 c - a +0 helmet (worn)
 k - a cursed +0 ring mail (worn)
Scrolls
 e - 2 scrolls of magic mapping {unknown}
 g - a scroll of identify {unknown}
 h - 2 scrolls of random uselessness {unknown}
 i - a scroll of remove curse {unknown}
 j - a scroll of blinking {unknown}
Comestibles
 f - a bread ration
 m - a meat ration
 n - a chunk of flesh


   Skills:
 - Level 2.4 Fighting
 * Level 5.2 Axes
 + Level 2.4 Throwing
 + Level 1.8 Armour
 - Level 2.4 Dodging


You had 3 spell levels left.
You didn't know any spells.


You were on level 4 of the Dungeon.
You were not hungry.

You visited 1 branch of the dungeon, and saw 4 of its levels.

You collected 51 gold pieces.

.. #.# #.# # #e#
#. #.#
#.##e#####.#
.###...)o@g...##
#
........o.g.....#
#)
######.#######..
##.#### #.#
#.....# #.#
#.#.<.### #.#
##.......###.#
#............#
#........#####

Notes
Turn   | Place    | Note
-------+----------+-------------------------------------------
     0 | D:1      | ololoev the Hill Orc Gladiator began the quest for the Orb.
     0 | D:1      | Reached XP level 1. HP: 18/18 MP: 1/1
     0 | D:1      | Goblin1989: лол
     7 | D:1      | ololoev: да говно а не ран
     7 | D:1      | Goblin1989: так я получается в ГДА кастовать могу!
    18 | D:1      | Goblin1989: проверено :)
    21 | D:1      | ololoev: норм
    21 | D:1      | ololoev: на самом деле твои -6 энкумба нехило так помогают
    21 | D:1      | Goblin1989: в общем, по поводу силы можно не париться!
    21 | D:1      | Goblin1989: наверное
    21 | D:1      | Goblin1989: а я и не подозвевал о этом
   129 | D:2      | Reached XP level 2. HP: 20/25 MP: 2/2
   167 | D:3      | Reached skill level 1 in Armour
   172 | D:3      | Goblin1989: просто я находил Armour of the Dragon King, и у меня с ней шанс миткаста был всего 1% :)
   343 | D:3      | Reached XP level 3. HP: 30/30 MP: 3/3
   362 | D:3      | Reached skill level 5 in Axes
   416 | D:4      | Gained mutation: You are partially covered in iridescent scales. (AC +4) [potion of mutation]
   416 | D:4      | Gained mutation: Scrolls take you a little longer to read. [potion of mutation]
   416 | D:4      | Gained mutation: Potions and wands are less effective at restoring your health. [potion of mutation]
   417 | D:4      | Reached XP level 4. HP: 37/37 MP: 4/4
   419 | D:4      | Noticed Duvessa
   423 | D:4      | Killed from afar by an orc wizard

Dungeon Overview and Level Annotations

Branches:
Dungeon (4/15)
 Temple: D:4-7

Altars:

Annotations:
D:4 Duvessa


Message History

Found 13 gold pieces and a spear.
There is a stone staircase leading up here.
You now have 51 gold pieces (gained 13).
An orc wizard comes into view. It is wielding a dagger.
The orc wizard shouts!
You hear a shout!
An orc comes into view. It is wielding a dagger.
An orc comes into view. It is wielding a whip.
The orc shouts!
You hear a shout!
A gnoll comes into view. It is wielding a spear.
The gnoll shouts!
You feel much better.
The orc wizard casts a spell.
The orc wizard seems to speed up.
It was a potion of mutation.
You feel extremely strange.
Iridescent scales grow over part of your body.
Your vision blurs.
Your system partially rejects artificial healing.
The orc wizard closely misses you.
The orc wizard hits you but does no damage.
The orc hits you but does no damage.
Unknown command.
Unknown command.
Unknown command.
You slash the orc!
You kill the orc!
You have reached level 4!
You hit the orc wizard. You hit the orc but do no damage.
The orc wizard closely misses you. The orc barely misses you.
The orc wizard closely misses you.
A gnoll comes into view. It is wielding an enchanted halberd.
Unknown command.
You barely miss the orc wizard.
The orc wizard is moderately wounded.
You barely miss the orc.
The gnoll shouts!
The orc wizard closely misses you. The orc hits you but does no damage.
The orc wizard closely misses you.
Duvessa, Sister of Dowan comes into view.
She is wielding a short sword.
Unknown command.
You completely miss the orc. You barely miss the orc wizard.
Duvessa shouts!
The orc wizard hits you but does no damage.
The gnoll hits you from afar with a spear.
The orc hits you with a whip. The orc wizard hits you with a dagger.
Unknown command.
Unknown command.
You hit the orc but do no damage. You slash the orc wizard!
The gnoll hits you from afar with a spear!
The orc closely misses you. The orc wizard barely misses you.
The gnoll hits you but does no damage. The orc barely misses you.
Unknown command.
Unknown command.
The orc wizard points at you and mumbles some strange words.
The puff of frost hits you!
The orc wizard points at you and mumbles some strange words.
The magic dart hits you!
The gnoll hits you but does no damage. x2
Unknown command.
Unknown command.
Press: ? - help, v - describe, . - travel
Here: a gnoll, wielding an enchanted halberd The floor.
Unknown command.
You aren't carrying any potions.
Unknown command.
Throwing (i - inventory):
d - 3 throwing nets (quivered)
Press: ? - help, Shift-Dir - straight line, f - gnoll
Aim: a gnoll, wielding an enchanted halberd You throw a throwing net.
The throwing net hits the gnoll.
The gnoll is caught in the net!
The gnoll hits you but does no damage.
Unknown command.
The helpless gnoll fails to defend itself.
You slash the gnoll!
The gnoll is severely wounded.
You hit the orc wizard but do no damage.
You barely miss the orc. You completely miss the gnoll.
The orc wizard hits you but does no damage.
The orc hits you but does no damage.
The gnoll struggles against the net.
The orc wizard points at you and mumbles some strange words.
The puff of flame hits you!
You die...

You could see Duvessa, an orc wizard, 2 gnolls and an orc.

Vanquished Creatures
  An orc wizard (D:3)
  An adder (D:2)
  A worm (D:3)
  5 orcs
  A ball python (D:2)
  3 goblins
  2 hobgoblins
  2 bats
  A giant newt (D:2)
17 creatures vanquished.

Action                   |  1- 3 |  4- 6 || total
-------------------------+-------+-------++-------
Melee: War axe           |    64 |     4 ||    68
Throw: Throwing net      |       |     1 ||     1
  Use: Potion            |     3 |       ||     3
 Stab: Held in net/web   |       |     1 ||     1
Armor: Ring mail         |    31 |     5 ||    36
       Leather armour    |     4 |       ||     4
Dodge: Dodged            |    30 |     8 ||    38

Vault maps used:
D:1:      lemuel_arrival_muddy, serial_bayou_pond_e, serial_bayou_ford_a
D:2:      lemuel_coloured_pillars_altar
D:3:      minmay_wonky_spiral, nemelex_xobeh_ov_fountains_minmay, first_bread
D:4:      serial_shops, nicolae_shop_stone, serial_forest,
          infiniplex_forest_join, infiniplex_forest_lined_2,
          infiniplex_forest_clump_curved, infiniplex_forest_clump_small,
          infiniplex_forest_lined_3, infiniplex_forest_straight_3,
          infiniplex_forest_zigzag_1, infiniplex_forest_clump_double, tgw_sif,
          uniq_duvessa
